 Dungeon Crawl Stone Soup version 0.22-a0-362-g535178c (webtiles) character file.

154 Amnesiac the Magician (level 5, -10/35 HPs)
             Began as a Mummy Earth Elementalist on Apr 20, 2018.
             Mangled by an ogre
             ... wielding a +0 giant spiked club
              (22 damage)
             ... on level 4 of the Dungeon.
             The game lasted 00:03:00 (2250 turns).

Amnesiac the Magician (Mummy Earth Elementalist)    Turns: 2250, Time: 00:03:00

Health: -10/35     AC:  2    Str: 12    XL:     5   Next: 13%
Magic:  7/11       EV: 12    Int: 15    God:
Gold:   94         SH:  0    Dex: 12    Spells: 9/12 levels left

rFire    x . .     SeeInvis .   k - +0 dagger
rCold    + . .     Gourm    .   (no shield)
rNeg     + + +     Faith    .   c - +0 robe
rPois    ∞         Spirit   .   (no helmet)
rElec    .         Reflect  .   (no cloak)
rCorr    .         Harm     .   (no gloves)
MR       .....                  (no boots)
Stlth    ++........             (no amulet)
HPRegen  0.11/turn              (no ring)
MPRegen  0.12/turn              (no ring)

@: very slightly contaminated
A: no food or potions, fire vulnerability, cold resistance 1, negative energy
resistance 3, torment resistance, unbreathing
a: no special abilities


You were on level 4 of the Dungeon.
You were not hungry.

You visited 1 branch of the dungeon, and saw 5 of its levels.

You collected 94 gold pieces.

Inventory:

Hand Weapons
 k - a +0 dagger (weapon)
Missiles
 b - 10 stones (quivered)
Armour
 a - a +0 shield
 c - a +0 robe (worn)
 j - a +1 ring mail of magic resistance
Wands
 h - a wand of clouds (4)
Scrolls
 d - a scroll of remove curse {!r, unknown}
 e - a scroll of noise {!r, unknown}
 f - a scroll of identify {!r, unknown}
 g - a scroll of teleportation {!r, unknown}
 i - a scroll of magic mapping {!r, unknown}


   Skills:
 - Level 1.5 Dodging
 - Level 1.5 Stealth
 + Level 4.2 Spellcasting
 - Level 0.7 Transmutations
 * Level 4.2 Earth Magic


You had 9 spell levels left.
You knew the following spells:

 Your Spells              Type           Power        Failure   Level  Hunger
a - Sandblast             Erth           ###...       3%          1    N/A
b - Passwall              Tmut/Erth      ##........   10%         2    N/A

Dungeon Overview and Level Annotations

Branches:
Dungeon (5/15)
 Temple: D:4-7

Altars:
Fedhas
Uskayaw

Annotations:
D:4 Robin


Innate Abilities, Weirdness & Mutations

You do not eat or drink.
Your flesh is vulnerable to fire.
You are immune to poison.
Your flesh is cold resistant. (rC+)
You are immune to negative energy. (rN+++)
You are immune to unholy pain and torment.
You can survive without breathing.


Message History

The goblin hits you but does no damage.
You barely miss the goblin.
The goblin is heavily wounded.
You hit the goblin but do no damage.
The goblin is heavily wounded.
The goblin barely misses you.
You closely miss the goblin.
The goblin is heavily wounded.
The goblin barely misses you.
You barely miss the goblin.
The goblin is heavily wounded.
The goblin hits you with a club.
* * * LOW HITPOINT WARNING * * *
You hit the goblin.
You kill the goblin!
Casting: Sandblast (safe; 3% risk of failure)
Confirm with . or Enter, or press ? or * to list all spells.
Aiming: Sandblast (safe; 3% risk of failure)
Press: ? - help, Shift-Dir - straight line, f - goblin
Aim: a goblin, wielding a dagger The blast of sand misses the goblin.
b - 13 stones The goblin hits you but does no damage.
You hit the goblin.
The goblin is severely wounded.
The goblin closely misses you.
The ogre shouts!
You hit the goblin.
You kill the goblin!
Casting: Sandblast (safe; 3% risk of failure)
Confirm with . or Enter, or press ? or * to list all spells.
Aiming: Sandblast (safe; 3% risk of failure)
Press: ? - help, Shift-Dir - straight line, f - ogre
Aim: an ogre, wielding a giant spiked club The blast of sand hits the ogre.
The ogre is moderately wounded.
b - 12 stones
Casting: Sandblast (safe; 3% risk of failure)
Confirm with . or Enter, or press ? or * to list all spells.
Aiming: Sandblast (safe; 3% risk of failure)
Press: ? - help, Shift-Dir - straight line, f/p - ogre
Aim: an ogre, wielding a giant spiked club (moderately wounded)
You miscast Sandblast.
You are very lightly contaminated with residual magic.
Nothing appears to happen.
Casting: Sandblast (safe; 3% risk of failure)
Confirm with . or Enter, or press ? or * to list all spells.
Aiming: Sandblast (safe; 3% risk of failure)
Press: ? - help, Shift-Dir - straight line, f/p - ogre
Aim: an ogre, wielding a giant spiked club (moderately wounded)
The blast of sand hits the ogre.
The ogre is severely wounded.
b - 11 stones
Casting: Sandblast (safe; 3% risk of failure)
Confirm with . or Enter, or press ? or * to list all spells.
Aiming: Sandblast (safe; 3% risk of failure)
Press: ? - help, Shift-Dir - straight line, f/p - ogre
Aim: an ogre, wielding a giant spiked club (severely wounded)
The blast of sand hits the ogre.
The ogre is almost dead.
b - 10 stones The ogre hits you with a giant spiked club!!
Ouch! That really hurt!
You die...

#.#.# #.#.# #.#.# #.#.#
#######.#.#
........#.#####
#######.......#
.......#######.#....##
.......#.......O@....#
.......#.#.............#
O......#)#.....#####.###
.......#.#.........#.#
.......#O#.#######.# #
.......#..........
................##
.......###.####.#
......g .... #


You could see an ogre.

Vanquished Creatures
  2 orc priests
  4 adders
  A worm (D:2)
  3 dart slugs (D:2)
  A leopard gecko (D:2)
  7 orcs
  A giant cockroach (D:2)
  7 goblins
  6 hobgoblins
  A ball python (D:4)
  A bat (D:3)
  A frilled lizard (D:2)
  7 kobolds (D:2)
  3 rats
45 creatures vanquished.

Notes
Turn   | Place    | Note
-------+----------+-------------------------------------------
     0 | D:1      | Amnesiac the Mummy Earth Elementalist began the quest for the Orb.
     0 | D:1      | Reached XP level 1. HP: 13/13 MP: 4/4
   458 | D:2      | Reached XP level 2. HP: 13/19 MP: 2/5
   493 | D:2      | Learned a level 2 spell: Passwall
   801 | D:2      | Reached XP level 3. HP: 11/24 MP: 1/7
  1191 | D:3      | Reached XP level 4. HP: 17/30 MP: 1/9
  1825 | D:4      | Found a hide-covered altar of Uskayaw.
  1857 | D:5      | Entered Level 5 of the Dungeon
  1908 | D:4      | Found a blossoming altar of Fedhas.
  1944 | D:4      | Reached XP level 5. HP: 31/35 MP: 8/11
  1999 | D:4      | Noticed Robin
  2206 | D:4      | Noticed an ogre
  2250 | D:4      | Mangled by an ogre

Vault maps used:
D:1:      ncdulo_lavacross
D:3:      ashenzari_conservatory_becter, chequers_ecumenical_altar_grove,
          due_unseen_surprise, uniq_jessica
D:4:      tso_altar, eat_drink_and_be_merry_uskayaw, overflow_temple_1_default,
          lemuel_round_altar, uniq_pikel, uniq_robin
D:5:      first_ration, kennysheep_crisscross

Skill      XL: |  1  2  3  4 |
---------------+-------------+-----
Spellcasting   | 3 4 |  4.2
Earth Magic    | 3 4 |  4.2
Dodging        | |  1.5
Stealth        | |  1.5
Transmutations | |  0.7

Action                   |  1- 3 |  4- 6 || total
-------------------------+-------+-------++-------
Melee: Unarmed           |    18 |     7 ||    25
       Dagger            |       |    47 ||    47
 Cast: Sandblast         |    48 |    23 ||    71
Armor: Robe              |     6 |     4 ||    10
Dodge: Dodged            |    28 |    30 ||    58

Table legend:
 A = Spawn XP
 B = Non-spawn XP
 C = Spawn XP percentage of total XP
 D = Spawn monster count
 E = Non-spawn monster count
 F = Spawn count percentage of total count
 G = Total turns spent on level
                    A         B        C        D         E        F      G
               +---------+---------+-------+---------+---------+-------+---------
         Total |       0 |     220 |   0.0 |       0 |      45 |   0.0 |  2250
               +---------+---------+-------+---------+---------+-------+---------
           D:1 |       0 |       8 |   0.0 |       0 |       4 |   0.0 |   401
           D:2 |       0 |      64 |   0.0 |       0 |      19 |   0.0 |   848
           D:3 |       0 |      55 |   0.0 |       0 |       7 |   0.0 |   412
           D:4 |       0 |      93 |   0.0 |       0 |      15 |   0.0 |   585
               +---------+---------+-------+---------+---------+-------+---------
